 Dungeon Crawl Stone Soup version 0.27-a0-1087-gf39c287674 (webtiles) character file.

Game seed: 6220347758582493040

107 Froggeryz the Gusty (level 4, 0/35 HPs)
             Began as a Barachi Air Elementalist on Apr 27, 2021.
             Slain by Crazy Yiuf
             ... wielding a +3 quarterstaff of chaos
              (9 damage)
             ... on level 2 of the Dungeon.
             The game lasted 00:04:30 (2962 turns).

Froggeryz the Gusty (Barachi Air Elementalist)      Turns: 2962, Time: 00:04:31

Health: 0/35       AC:  6    Str:  9    XL:     4   Next: 85%
Magic:  3/7        EV: 17    Int: 17    God:
Gold:   60         SH:  0    Dex: 12    Spells: 6/7 levels left

rFire    . . .     SeeInvis .   j - +5 dagger
rCold    . . .     Faith    .   (no shield)
rNeg     . . .     Spirit   .   a - +0 robe
rPois    .         Reflect  .   (no helmet)
rElec    .         Harm     .   (no cloak)
rCorr    .         Rampage  .   (no gloves)
Will     .....                  (no boots)
Stlth    ++........             (no amulet)
HPRegen  0.11/turn              f - +4 ring of protection
MPRegen  0.10/turn              (no ring)

@: agile, unable to hop, flying, slow
A: amphibious, slowness 1, strong legs 1, +LOS
a: Hop


You were on level 2 of the Dungeon.
You visited 1 branch of the dungeon, and saw 2 of its levels.

You collected 60 gold pieces.

Inventory:

Hand Weapons
 j - a +5 dagger (weapon)
Missiles
 d - 6 curare-tipped darts
 i - a throwing net
Armour
 a - a +0 robe (worn)
 l - a +0 buckler
Jewellery
 f - a +4 ring of protection (left hand)
Scrolls
 b - a scroll of amnesia {unknown}
 c - 3 scrolls of teleportation {unknown}
 e - a scroll of blinking {unknown}
 g - 2 scrolls of identify {unknown}
Potions
 h - a potion of flight
 k - a potion of brilliance {unknown}


   Skills:
 + Level 3.5 Fighting
 - Level 2.1 Dodging
 - Level 1.7 Stealth
 - Level 2.1 Spellcasting
 - Level 1.1 Conjurations
 + Level 4.8 Air Magic


You had 6 spell levels left.
You knew the following spells:

 Your Spells              Type           Power      Damage    Failure   Level
a - Shock                 Conj/Air       44%        1d5       6%          1

Your spell library contained the following spells:

 Spells                   Type           Power      Damage    Failure   Level
 Swiftness                Air            18%        N/A       8%          3
 Static Discharge         Conj/Air       11%        N/A       9%          2
 Airstrike                Air            9%         N/A       26%         4
 Lightning Bolt           Conj/Air       5%         1d17      85%         5


Dungeon Overview and Level Annotations

Branches:
Dungeon (2/15)

Altars:

Annotations:
D:1 exclusion: 2 gnolls
D:2 Crazy Yiuf


Innate Abilities, Weirdness & Mutations

You are amphibious.
You cover ground slowly.
You can hop short distances.
You have an extended range of vision and can be seen from far away.


Message History

Confirm with . or Enter, or press ? or * to list all spells.
Aiming: Shock (safe; 6% risk of failure)
Press: ? - help, Shift-Dir - straight line, f - Crazy Yiuf
Aim: Crazy Yiuf, wielding a +3 quarterstaff of chaos and wearing a +0 cloak (sparse dust, 72% to hit)
The zap hits Crazy Yiuf.
Crazy Yiuf is lightly wounded.
Crazy Yiuf misses you.
Casting: Shock (safe; 6% risk of failure)
Confirm with . or Enter, or press ? or * to list all spells.
Aiming: Shock (safe; 6% risk of failure)
Press: ? - help, Shift-Dir - straight line, p - Crazy Yiuf The zap hits Crazy Yiuf but does no damage.
Crazy Yiuf is lightly wounded.
Crazy Yiuf grits, "Citrus!"
Crazy Yiuf hits you with a +3 quarterstaff of chaos!
You feel agile all of a sudden.
Unknown command.
Casting: Shock (safe; 6% risk of failure)
Confirm with . or Enter, or press ? or * to list all spells.
Aiming: Shock (safe; 6% risk of failure)
Press: ? - help, Shift-Dir - straight line The zap hits Crazy Yiuf.
Crazy Yiuf is moderately wounded.
Crazy Yiuf misses you.
Unknown command.
Casting: Shock (safe; 6% risk of failure)
Confirm with . or Enter, or press ? or * to list all spells.
Aiming: Shock (safe; 6% risk of failure)
Press: ? - help, Shift-Dir - straight line The zap hits Crazy Yiuf.
Crazy Yiuf is moderately wounded.
Crazy Yiuf hits you with a +3 quarterstaff of chaos!
Crazy Yiuf freezes you.
* * * LOW HITPOINT WARNING * * *
Unknown command.
It was a potion of flight.
You feel very buoyant.
You fly up into the air.
Crazy Yiuf hits you with a +3 quarterstaff of chaos!
You die...

............##
#...........# #
.#.##########
#.######.##.#####
.#.#
##.###......#.....
.#.#
#......##.##.#####
.#.######
#########.##.#
##......# #.##.#
#.######
♣♣♣♣♣##.##.# #.#
### ♣♣♣.♣..#..##.#
#.#
#...#♣@.♣........)#
#.#
#...'g♣♣♣♣......###
#.# #)..#♣♣
♣♣.#..## #.# ###
♣♣#### #.# #.# ##.#
...# ####


You could see Crazy Yiuf.

Vanquished Creatures
  Natasha (thrice) (D:2)
  An ufetubus (D:2)
  A dart slug (D:1)
  4 ball pythons
  6 endoplasms
  A giant cockroach (D:1)
  2 goblins
  2 hobgoblins (D:1)
  3 kobolds
  A quokka (D:2)
  3 bats (D:2)
  A frilled lizard (D:2)
  2 rats
30 creatures vanquished.

Notes
Turn   | Place    | Note
-------+----------+-------------------------------------------
     0 | D:1      | Froggeryz the Barachi Air Elementalist began the quest for
                  | the Orb.
     0 | D:1      | Reached XP level 1. HP: 13/13 MP: 3/3
   411 | D:1      | Reached skill level 1 in Fighting
   545 | D:1      | Reached XP level 2. HP: 21/21 MP: 0/5
  1448 | D:2      | Noticed Natasha
  1454 | D:2      | Killed Natasha
  1455 | D:2      | Reached skill level 4 in Air Magic
  1455 | D:2      | Reached XP level 3. HP: 28/28 MP: 2/6
  1532 | D:2      | Noticed Natasha
  1714 | D:2      | Killed Natasha
  1715 | D:2      | Reached XP level 4. HP: 12/35 MP: 1/7
  2399 | D:2      | Noticed Natasha
  2408 | D:2      | Killed Natasha
  2773 | D:2      | Found a runed translucent door.
  2774 | D:2      | Noticed Crazy Yiuf
  2962 | D:2      | Slain by Crazy Yiuf

Illustrated notes

Levels and vault maps discovered:
D:1:      psy_arrival_statuary, layout_basic
D:2:      layout_loops_ring, uniq_natasha, uniq_crazy_yiuf_cottage

Skill      XL: |  1  2  3 |
---------------+----------+-----
Fighting       | 1 2 3 |  3.5
Air Magic      | 4 |  4.8
Dodging        | |  2.1
Stealth        | |  1.7
Spellcasting   | |  2.1
Conjurations   | |  1.1

Action                   |  1- 3 |  4- 6 || total
-------------------------+-------+-------++-------
Melee: Unarmed           |    22 |    35 ||    57
       Dagger            |       |     5 ||     5
       Short sword       |       |     1 ||     1
 Cast: Shock             |    42 |    22 ||    64
 Abil: Hop               |     2 |     1 ||     3
  Use: Potion            |     1 |     1 ||     2
 Stab: Sleeping          |     1 |       ||     1
Armor: Robe              |     4 |    11 ||    15
Dodge: Dodged            |    19 |    27 ||    46

Table legend: (Time is in decaauts)
 A = Elapsed time spent in this place.
 B = Non-inter-level travel time spent in this place.
 C = Inter-level travel time spent in this place.
 D = Time resting spent in this place.
 E = Time spent auto-exploring this place.
 F = Levels seen in this place.
 G = Mean time per level.
                   A        B        C        D        E       F      G
               +--------+--------+--------+--------+--------+-----+--------+
         Total |   3275 |   3229 |     46 |    301 |   2604 |   2 | 1637.5 |
       Dungeon |   3275 |   3229 |     46 |    301 |   2604 |   2 | 1637.5 |
               +--------+--------+--------+--------+--------+-----+--------+

Top non-repeatable levels by time:
     D:1: 1770 daAuts
     D:2: 1504 daAuts
